 Dungeon Crawl Stone Soup version 0.29-a0-275-g389c0b56f3 (webtiles) character file.

Game seed: 10262744351974305671

1782 sokol815 the Covert (level 9, -10/56 HPs)
             Began as an Octopode Delver on Mar 10, 2022.
             Was an Initiate of Gozag.
             Shot with an arrow by a centaur (13 damage)
             ... on level 7 of the Dungeon.
             The game lasted 00:14:31 (6852 turns).

sokol815 the Covert (Octopode Delver)               Turns: 6852, Time: 00:14:32

Health: -10/56     AC:  1    Str: 18    XL:     9   Next: 8%
Magic:  9/9        EV: 13    Int: 16    God:    Gozag
Gold:   964        SH:  0    Dex: 13    Spells: 8/8 levels left

rFire   . . .      SeeInvis +   a - +8 falchion "Eruppu" {vorpal, Str+6 SInv Stlth-}
rCold   . . .      Faith    .   (no shield)
rNeg    . . .      Spirit   .   (helmet restricted)
rPois   +          Reflect  .   (no amulet)
rElec   .          Harm     .   k - ring of poison resistance {rPois, !d}
rCorr   .          Rampage  .   (no ring)
Will    .....                   (no ring)
Stlth   +++++.....              (no ring)
HPRegen 0.18/turn               (no ring)
MPRegen 0.11/turn               (no ring)
                                (no ring)
                                (no ring)

@: no status effects
A: almost no armour, amphibious, 8 rings, camouflage 1, gelatinous body 1,
(nimble swimmer 1), tentacles
a: Renounce Religion, Potion Petition, Call Merchant, Bribe Branch


You were on level 7 of the Dungeon.
You worshipped Gozag.
Gozag was pleased with you.
You visited 2 branches of the dungeon, and saw 8 of its levels.

You collected 1092 gold pieces.
You spent 75 gold pieces at shops.
You paid 53 gold pieces to Gozag.

Inventory:

Hand Weapons
 a - the +8 falchion "Eruppu" (weapon) {vorpal, Str+6 SInv Stlth-}
   (You found it on level 5 of the Dungeon)

   It inflicts extra damage upon your enemies.
   Str:       It affects your strength (+6).
   SInv:      It lets you see invisible.
   Stlth:     It makes you less stealthy.
 e - a +0 hunting sling
   (You took it off a goblin on level 2 of the Dungeon)
 f - a +2 dagger of freezing
   (You found it on level 1 of the Dungeon)
 g - a +1 falchion of protection
   (You found it on level 4 of the Dungeon)
 l - a +0 vorpal hand axe
   (You took it off an orc priest on level 5 of the Dungeon)
 p - a +0 short sword
 t - a +2 short sword of freezing
   (You found it on level 6 of the Dungeon)
Missiles
 o - 7 poisoned darts
 s - 177 stones
Magical Staves
 r - a staff of death {rN+}
   (You found it on level 5 of the Dungeon)
Jewellery
 k - a ring of poison resistance (left tentacle) {rPois, !d}
   (You found it on level 1 of the Dungeon)
Wands
 d - a wand of digging (3)
 j - a wand of polymorph (8)
   (You found it on level 4 of the Dungeon)
 q - a wand of flame (8)
   (You found it on level 4 of the Dungeon)
Scrolls
 b - 2 scrolls of fog
 D - a scroll of blinking {!r}
 E - a scroll of fear
 S - a scroll of summoning
 X - 2 scrolls of magic mapping {@r4!r}
Potions
 c - a potion of flight {unknown}
 h - a potion of berserk rage {unknown}
 i - a potion of might {unknown}
 m - a potion of mutation {unknown}
 n - a potion of attraction {unknown}
 B - a potion of brilliance
 H - 3 potions of haste
 I - a potion of invisibility
 J - a potion of curing {@q1}
 M - 2 potions of magic
 N - 3 potions of heal wounds {@q2}
 P - a potion of lignification {!q}
 R - a potion of resistance


   Skills:
 - Level 3.0 Fighting
 - Level 3.1(6.2) Short Blades
 + Level 8.5(8.8) Long Blades
 - Level 2.0 Dodging
 - Level 12.0 Stealth


You had 8 spell levels left.
You didn't know any spells.
Your spell library contained the following spells:

 Spells                   Type           Power      Damage    Failure   Level
 Animate Skeleton         Necr           0%         N/A       26%         1
 Apportation              Tloc           0%         N/A       26%         1
 Summon Small Mammal      Summ           0%         N/A       26%         1
 Portal Projectile        Hex/Tloc       0%         N/A       58%         3
 Blade Hands              Tmut           0%         N/A       100%        5
 Excruciating Wounds      Necr           0%         N/A       100%        5


Dungeon Overview and Level Annotations

Branches:
Dungeon (7/15)             Temple (1/1) D:4

Altars:
Ashenzari
Cheibriados
Gozag
Makhleb
Nemelex Xobeh
Okawaru
Ru
Trog
Vehumet
Wu Jian
Zin

Shops:
D:1 *

Annotations:
D:5 4 runed translucent doors


Innate Abilities, Weirdness & Mutations

You cannot wear most types of armour.
You are amphibious.
You can wear up to eight rings at the same time.
Your skin changes colour to match your surroundings (Stealth+).
Your rubbery body absorbs attacks. (AC +1, EV +1)
((You are camouflaged when in or above water. (Stealth+)))
You have tentacles for arms and can constrict up to eight enemies at once.


Message History

You kill the bullfrog!
The hound bites you.
You take 3 damage, and have 43/56 hp.
You closely miss the hound. You grab the hound. You squeeze the hound.
You constrict the hound. The hound bites you. x2
You take 6 damage, and have 37/56 hp.
You slash the hound!
You kill the hound!
The shadow imp hits you.
You take 3 damage, and have 34/56 hp.
You slash the shadow imp!
You kill the shadow imp!
No target in view!
No target in view!
No target in view!
You now have 946 gold pieces (gained 12).
You now have 951 gold pieces (gained 5).
You now have 957 gold pieces (gained 6).
There is a stone staircase leading down here.
A jelly comes into view.
The jelly moves out of view.
Health restored: 56 A jelly is nearby!
You hit the jelly but do no damage. The acid corrodes you!
Your tentacles burn!
The jelly hits you. The acid corrodes you!
You are splashed with acid!
You take 15 damage, and have 41/56 hp.
MASSIVE DAMAGE!!
You hit the jelly but do no damage.
Your tentacles burn!
The jelly hits you. The acid corrodes you!
You are splashed with acid!
You take 11 damage, and have 30/56 hp.
You hit the jelly but do no damage.
Your tentacles burn!
The jelly closely misses you.
You take 4 damage, and have 26/56 hp.
You hit the jelly but do no damage.
Your tentacles burn!
The jelly barely misses you.
You take 3 damage, and have 23/56 hp.
You barely miss the jelly.
You squeeze the jelly, but do no damage.
The jelly barely misses you.
You hit the jelly.
Your tentacles burn!
You squeeze the jelly, but do no damage.
You take 4 damage, and have 19/56 hp.
You hit the jelly.
Your tentacles burn!
The jelly jiggles.
The jelly barely misses you.
You take 1 damage, and have 18/56 hp.
You hit the jelly.
Your tentacles burn!
The jelly hits you.
* * * LOW HITPOINT WARNING * * *
The acid corrodes you!
You are splashed with acid!
* * * LOW HITPOINT WARNING * * *
You take 15 damage, and have 3/56 hp.
MASSIVE DAMAGE!!
You feel much better. The jelly hits you.
You are splashed with acid.
* * * LOW HITPOINT WARNING * * *
You regained 10 hp, and now have 13/56 hp.
You hit the jelly.
You kill the jelly!
You start resting.
You are no longer corroded.
You regained 9 hp, and now have 22/56 hp.
You start resting.
Health restored: 56 You now have 964 gold pieces (gained 7).
There is a stone staircase leading up here.
Done exploring.
Done exploring.
(D) Dungeon (T) Temple
Where to? (Enter - D:5 @ (x,y), ? - help)
There is an escape hatch in the ceiling here.
There is a stone staircase leading down here.
You climb downwards.
There is a stone staircase leading up here.
There are monsters nearby!
A water moccasin comes into view.
The centaur shouts!
The water moccasin hisses angrily.
The water moccasin barely misses you.
You miss the water moccasin. Your grab misses the water moccasin.
The water moccasin bites you.
The centaur wields a +0 shortbow.
The centaur shoots an arrow.
The arrow barely misses you.
You hear a shout! x2
You take 4 damage, and have 52/56 hp.
You miss the water moccasin. Your grab misses the water moccasin.
Your squeeze misses the water moccasin. The water moccasin bites you.
The centaur shoots an arrow.
The arrow hits you!
You take 13 damage, and have 39/56 hp.
MASSIVE DAMAGE!!
The centaur shoots an arrow.
The arrow hits you! The water moccasin misses you.
A centaur comes into view.
You take 9 damage, and have 30/56 hp.
The water moccasin attacks as you move away!
The water moccasin bites you!
You take 9 damage, and have 21/56 hp.
The water moccasin attacks as you move away!
The water moccasin bites you!
* * * LOW HITPOINT WARNING * * *
The centaur shoots an arrow.
The arrow hits you!
* * * LOW HITPOINT WARNING * * *
The centaur shoots an arrow.
The arrow hits you!
You die...
Your body crumbles into a pile of gold.

....# #.#.#
#.#.#
#..............
#..#.#.#.#c#.#
#............
#.#.#.#.#c#.#.#
#.....o......#
#.#.#.#.#.#.##
#....S.......#
###.#@#.#.#.##
#.######## #..
#.# ..# ##


You could see a water moccasin, a centaur and an orc wizard.

Vanquished Creatures
  A wyvern (D:5)
  An ogre (D:5)
  A centaur (D:5)
  A phantom (D:5)
  A kobold brigand (D:5)
  2 bullfrogs
  2 necrophages
  A gnoll sergeant (D:5)
  3 scorpions
  A howler monkey (D:6)
  5 electric eels (D:6)
  6 hounds
  2 orc priests (D:5)
  2 jellies (D:6)
  5 iguanas
  2 orc wizards (D:5)
  5 adders
  A shadow imp (D:6)
  2 white imps
  An ufetubus (D:4)
  A worm (D:3)
  4 dart slugs
  7 orcs (D:5)
  3 bats
  5 endoplasms
  2 giant cockroaches (D:4)
  4 goblins
  3 hobgoblins
  8 jackals
  6 kobolds
  8 quokkas
  4 ball pythons
  3 frilled lizards
  4 rats
107 creatures vanquished.

Vanquished Creatures (others)
  3 orcs (D:6)
  28 plants (D:6)
31 creatures vanquished.

Grand Total: 138 creatures vanquished

Notes
Turn   | Place    | Note
-------+----------+-------------------------------------------
     0 | D:5      | sokol815 the Octopode Delver began the quest for the Orb.
     0 | D:5      | Reached XP level 1. HP: 16/16 MP: 1/1
    15 | D:5      | Found a snail-covered altar of Cheibriados.
    63 | D:4      | Found a staircase to the Ecumenical Temple.
    73 | Temple   | Entered the Ecumenical Temple
   127 | D:4      | HP: 4/16 [ufetubus (3)]
   127 | D:4      | HP: 1/16 [ufetubus (3)]
   129 | D:4      | Reached skill level 7 in Stealth
   129 | D:4      | Reached XP level 2. HP: 1/21 MP: 2/2
   414 | D:4      | Noticed a necrophage
   451 | D:4      | Reached XP level 3. HP: 26/26 MP: 3/3
   455 | D:4      | Killed a necrophage
   456 | D:4      | Reached skill level 3 in Short Blades
   456 | D:4      | Reached skill level 8 in Stealth
   456 | D:4      | Reached XP level 4. HP: 31/31 MP: 4/4
   522 | D:4      | Noticed a bullfrog
   595 | Temple   | Became a worshipper of Gozag Ym Sagoz the Greedy
  1098 | D:1      | Reached XP level 5. HP: 36/36 MP: 5/5
  1411 | D:1      | Found Reck's General Store.
  1419 | D:1      | Bought a scroll of blinking for 75 gold pieces
  2266 | D:2      | Reached skill level 9 in Stealth
  2445 | D:3      | Found a broken altar of Ashenzari.
  2458 | D:3      | Reached skill level 1 in Long Blades
  2627 | D:3      | You fall into a shaft and drop 3 floors!
  2859 | D:6      | HP: 9/36 [electric eel/bolt of electricity (9)]
  2860 | D:6      | HP: 1/36 [electric eel/bolt of electricity (8)]
  2862 | D:6      | Reached XP level 6. HP: 1/42 MP: 6/6
  3156 | D:6      | Reached skill level 2 in Long Blades
  3184 | D:6      | Reached skill level 10 in Stealth
  3590 | D:5      | Reached XP level 7. HP: 43/46 MP: 7/7
  3708 | D:5      | Reached skill level 3 in Long Blades
  3717 | D:5      | Reached skill level 11 in Stealth
  3935 | D:5      | Found a large runed translucent door.
  4043 | D:5      | Found a large runed translucent door.
  4044 | D:5      | Found a large runed translucent door.
  4045 | D:5      | Noticed a troll
  4047 | D:5      | Noticed a yak
  4178 | D:5      | Noticed a wyvern
  4220 | D:5      | Found a large runed translucent door.
  4301 | D:4      | Reached skill level 4 in Long Blades
  4301 | D:4      | Reached skill level 12 in Stealth
  4468 | D:4      | Reached XP level 8. HP: 52/52 MP: 8/8
  4508 | D:4      | Found a sacrificial altar of Ru.
  4633 | D:4      | Found a radiant altar of Vehumet.
  5166 | D:5      | Reached skill level 5 in Long Blades
  5214 | D:5      | Identified the +8 falchion "Eruppu" {vorpal, Str+6 SInv
                  | Stlth-}
  5538 | D:5      | Reached skill level 6 in Long Blades
  5597 | D:5      | Killed a wyvern
  5598 | D:5      | Reached skill level 7 in Long Blades
  5640 | D:6      | HP: 11/52 [electric eel/bolt of electricity (11)]
  5643 | D:5      | HP: 4/52 [scorpion (4)]
  6249 | D:6      | Reached skill level 8 in Long Blades
  6249 | D:6      | Reached XP level 9. HP: 53/56 MP: 9/9
  6516 | D:6      | HP: 3/56 [acid (12)]
  6852 | D:7      | HP: 12/56 [water moccasin (9)]
  6852 | D:7      | HP: 3/56 [centaur/arrow (9)]
  6852 | D:7      | Shot with an arrow by a centaur

Illustrated notes

Levels and vault maps discovered:
D:1:      lightli_arrival_statue_moat, layout_basic, serial_shops, shop
D:2:      cheibrodos_helix_gallery, layout_basic, hex_medium
D:3:      layout_basic, evilmike_ruin_ashenzari
D:4:      layout_basic, lemuel_doored_altar, nicolae_vehumet_altar_sigil,
          minmay_temple_entry_butterflies, grunt_decor_cap
D:5:      layout_basic, kennysheep_slug_shrine, minmay_hollow_rounded_squares
D:6:      layout_rooms, serial_bayou, serial_bayou_ford_a, serial_bayou_pond_c,
          serial_bayou_lake_a, serial_bayou_pond_e
D:7:      layout_layer_cave, nicolae_hepliaklqana_monster_ancestors,
          chequers_serial_rivers_small_a, st_stairs_10,
          kennysheep_generic_room_3, uniq_maggie
Temple:   dshaligram_water_room_temple

Skill      XL: |  1  2  3  4  5  6  7  8 |
---------------+-------------------------+-----
Stealth        | 7 8 9 10 12 | 12.0
Short Blades   | 3 |  3.1
Long Blades    | 1 2 4 8 |  8.5
Fighting       | |  3.0
Dodging        | |  2.0

Action                   |  1- 3 |  4- 6 |  7- 9 || total
-------------------------+-------+-------+-------++-------
Melee: Short sword       |    11 |     4 |       ||    15
       Tentacles         |     5 |    17 |    32 ||    54
       Constrict         |     4 |    21 |    22 ||    47
       Falchion          |       |   107 |   128 ||   235
       Punch             |       |       |     2 ||     2
Evoke: Wand              |     4 |       |     8 ||    12
  Use: Scroll            |       |     9 |     2 ||    11
       Potion            |       |       |     1 ||     1
 Stab: Sleeping          |     1 |    30 |    15 ||    46
Armor: Skin              |       |    32 |    20 ||    52
Dodge: Dodged            |    10 |    63 |    57 ||   130

Table legend: (Time is in decaauts)
 A = Elapsed time spent in this place.
 B = Non-inter-level travel time spent in this place.
 C = Inter-level travel time spent in this place.
 D = Time resting spent in this place.
 E = Time spent auto-exploring this place.
 F = Levels seen in this place.
 G = Mean time per level.
                   A        B        C        D        E       F      G
               +--------+--------+--------+--------+--------+-----+--------+
         Total |   6879 |   6507 |    372 |   2195 |   3164 |   8 |  859.9 |
       Dungeon |   6820 |   6495 |    325 |   2195 |   3157 |   7 |  974.3 |
        Temple |     59 |     12 |     47 |      0 |      7 |   1 |   59.0 |
               +--------+--------+--------+--------+--------+-----+--------+

Top non-repeatable levels by time:
     D:5: 2040 daAuts
     D:6: 1522 daAuts
     D:4: 997 daAuts
     D:2: 932 daAuts
     D:1: 716 daAuts
     D:3: 603 daAuts
  Temple: 59 daAuts
     D:7: 7 daAuts

Table legend:
 A = Kills in this place as a percentage of kills in entire the game.
 B = Kills by you in this place as a percentage of kills by you in the entire game.
 C = Kills by friends in this place as a percentage of kills by friends in the entire game.
 D = Other kills in this place as a percentage of other kills in the entire game.
 E = Experience gained in this place as a percentage of experience gained in the entire game.
 F = Experience gained in this place divided by the number of levels of this place that you have seen.
                   A       B       C       D       E      F
               +-------+-------+-------+-------+-------+----------------------
         Total | 100.0 | 100.0 |   N/A |   N/A | 100.0 | 318.2
       Dungeon | 100.0 | 100.0 |   N/A |   N/A | 100.0 | 363.7
               +-------+-------+-------+-------+-------+----------------------
